 Dungeon Crawl Stone Soup version 0.29-a0-243-g602b31c20e (webtiles) character file.

Game seed: 8413366172818354777

1885 spiderkeys the Skirmisher (level 9, -2/48 HPs)
             Began as a Vine Stalker Abyssal Knight on Mar 5, 2022.
             Was a Priest of Lugonu.
             Slain by a meliai
             ... wielding a +0 hand axe
              (3 damage)
             ... on level 7 of the Dungeon.
             The game lasted 00:11:09 (5498 turns).

spiderkeys the Skirmisher (VSAK)                    Turns: 5498, Time: 00:11:10

Health: -2/48      AC:  8    Str: 21    XL:     9   Next: 14%
Magic:  0/11       EV: 10    Int: 10    God:    Lugonu [***...]
Gold:   175        SH:  9    Dex: 14    Spells: 8/8 levels left

rFire   . . .      SeeInvis .   C - +0 trident
rCold   . . .      Faith    .   G - +0 kite shield
rNeg    . . .      Spirit   +   u - +0 chain mail
rPois   +          Reflect  .   (no helmet)
rElec   .          Harm     .   r - +1 cloak
rCorr   .          Rampage  .   (no gloves)
Will    +....                   (no boots)
Stlth   ..........              e - amulet of magic regeneration
HPRegen 0.96/turn               P - ring of poison resistance
MPRegen 0.52/turn               E - +4 ring of evasion

@: about to teleport, corroded
A: fangs 3, regeneration 1, magic shield, antimagic bite, no potion heal 2
a: Renounce Religion, Depart the Abyss, Bend Space, Banish


You were on level 7 of the Dungeon.
You worshipped Lugonu.
Lugonu was most pleased with you.
You visited 1 branch of the dungeon, and saw 7 of its levels.
You visited the Abyss 1 time.

You collected 369 gold pieces.
You spent 194 gold pieces at shops.


Innate Abilities, Weirdness & Mutations

You have razor-sharp teeth.
Your natural rate of healing is unusually fast.
When hurt, damage is shared between your health and your magic reserves.
Your bite disrupts and absorbs the magic of your enemies.
Potions cannot restore your health.


   Skills:
 + Level 6.2 Fighting
 + Level 5.9 Polearms
 + Level 5.3 Armour
 - Level 0.7 Dodging
 + Level 3.4 Shields
 - Level 2.5 Invocations


You had 8 spell levels left.
You didn't know any spells.
Your spell library contained the following spells:

 Spells                   Type           Power      Damage    Failure   Level
 Magic Dart               Conj           0%         1d3       100%        1
 Slow                     Hex            0%         N/A       100%        1
 Sting                    Tmut/Pois      0%         1d3       100%        1
 Poisonous Vapours        Pois/Air       0%         N/A       100%        2
 Searing Ray              Conj           0%         2d4       100%        2
 Confusing Touch          Hex            0%         N/A       100%        3
 Vampiric Draining        Necr           0%         2d6       100%        3
 Fulminant Prism          Conj/Hex       0%         3d6       100%        4
 Olgreb's Toxic Radiance  Pois           0%         N/A       100%        4
 Summon Ice Beast         Ice/Summ       0%         N/A       100%        4
 Fireball                 Conj/Fire      0%         3d3       100%        5
 Summon Mana Viper        Hex/Summ       0%         N/A       100%        5
 Starburst                Conj/Fire      0%         6d3       100%        6
 Monstrous Menagerie      Summ           0%         N/A       100%        7
 Ignition                 Fire           0%         3d3       100%        8

Inventory:

Hand Weapons
 a - a +1 spear
 C - a +0 trident (weapon)
   (You took it off an orc on level 4 of the Dungeon)
Missiles
 g - 171 stones
 h - 5 javelins
 t - 8 poisoned darts
 A - 3 silver javelins
 R - 9 boomerangs
Armour
 o - a +0 leather armour
   (You took it off Duvessa on level 4 of the Dungeon)
 r - a +1 cloak (worn)
   (You took it off Crazy Yiuf on level 3 of the Dungeon)
 s - a +0 robe
   (You took it off Dowan on level 4 of the Dungeon)
 u - a +0 chain mail (worn)
   (You took it off an orc on level 3 of the Dungeon)
 y - a +0 leather armour
   (You took it off an orc on level 4 of the Dungeon)
 z - a +0 chain mail
   (You took it off an orc on level 4 of the Dungeon)
 F - a +0 scale mail
   (You took it off a gnoll sergeant on level 4 of the Dungeon)
 G - a +0 kite shield (worn)
   (You took it off a gnoll sergeant on level 4 of the Dungeon)
 H - a +0 robe
   (You found it on level 4 of the Dungeon)
 K - a +0 chain mail
   (You found it on level 5 of the Dungeon)
 N - a +0 chain mail
   (You took it off an orc on level 5 of the Dungeon)
 O - a +0 robe
   (You took it off a gnoll on level 4 of the Dungeon)
 S - a +0 ring mail
   (You took it off an orc on level 5 of the Dungeon)
 T - a +1 robe of willpower
   (You found it on level 5 of the Dungeon)
 U - a +0 chain mail
   (You took it off an orc warrior on level 6 of the Dungeon)
 V - a +0 scale mail
   (You found it on level 6 of the Dungeon)
Magical Staves
 w - a staff of cold {!a}
   (You found it on level 4 of the Dungeon)
Jewellery
 e - an amulet of magic regeneration (around neck)
   (You found it on level 1 of the Dungeon)
 D - a +6 ring of dexterity
   (You found it on level 5 of the Dungeon)
 E - a +4 ring of evasion (right hand)
   (You found it on level 4 of the Dungeon)
 I - a +6 ring of intelligence
   (You found it on level 3 of the Dungeon)
 L - a ring of flight
   (You found it on level 3 of the Dungeon)
 P - a ring of poison resistance (left hand)
   (You found it on level 2 of the Dungeon)
Wands
 x - a wand of acid (6)
   (You found it on level 4 of the Dungeon)
Scrolls
 f - 2 scrolls of noise {!r}
 i - a scroll of enchant weapon
 k - 4 scrolls of fear
 m - a scroll of identify {@r1}
 J - 2 scrolls of magic mapping {!r}
 Q - a scroll of fog
Potions
 b - a potion of degeneration {unknown}
 d - a potion of brilliance {unknown}
 j - 2 potions of curing {unknown}
 l - a potion of magic {unknown}
 n - 3 potions of lignification {unknown}
 p - a potion of flight {unknown}
 q - 2 potions of cancellation {unknown}
 v - a potion of haste {unknown}
 B - 2 potions of berserk rage {unknown}
 M - a potion of ambrosia

Dungeon Overview and Level Annotations

Branches:
Dungeon (7/15)
 Temple: D:4-7

Altars:
Nemelex Xobeh
Ru
Sif Muna
Xom
Zin
The Shining One

Shops:
D:5 ?

Annotations:
D:6 1 runed translucent door, timneilson's ghost, novice GrFi

.###.# .###.# ≈≈≈≈≈
.....# ≈≈≈. ##.### .D.
#.# .y. #.## ♣.♣ #..##
♣.♣ ##..# ### ####♣.♣####
#..#♣♣.♣♣ ♣♣♣.@y).....♣
#..#♣.♣.♣♣♣..♣♣♣♣)♣♣♣♣..♣
#....♣♣♣...♣♣♣ .≈..
##.#♣.♣.♣♣♣..♣ ♣♣.♣♣♣
#.#♣♣.♣♣ ♣♣...... #.# ###
##### ###


You could see a meliai.


Message History

You barely miss the water moccasin.
You feel sick. The water moccasin bites you.
You are more poisoned.
The water moccasin poisons you!
The water moccasin completely misses you. 😮 HP[-1] MP[-1]
You take 1 damage, and now have 35/48 hp.
You lost 1 mp, and now have 10/11 mp.
You're wearing all the rings you can.
Remove which one? (? for menu, Esc to cancel) < or
D - a +6 ring of dexterity; > or
E - a +4 ring of evasion You remove your +6 ring of dexterity.
You feel clumsy.
You feel sick.
P - a ring of poison resistance (left hand)
You feel sick.
You block the water moccasin's attack. 😮 HP[-3] MP[+1]
You take 3 damage, and now have 32/48 hp.
Your mp is fully restored (11).
You hit the water moccasin. You bite the water moccasin! You drain its power.
You feel very sick. The water moccasin closely misses you.
You block the water moccasin's attack. 😮 HP[-2]
You take 2 damage, and now have 30/48 hp.
You barely miss the water moccasin.
You feel very sick. The water moccasin barely misses you.
You block the water moccasin's attack. 😮 HP[-1]
You take 1 damage, and now have 29/48 hp.
You barely miss the water moccasin. Your bite misses the water moccasin.
You feel sick.
The water moccasin bites you but does no damage. 😮 HP[-1]
You take 1 damage, and now have 28/48 hp.
You hit the water moccasin.
You kill the water moccasin!
Lugonu accepts your kill.
You feel sick. You block the orc's attack.
You puncture the orc!
You kill the orc!
Lugonu accepts your kill.
You feel sick. 😮 HP[-1]
You take 1 damage, and now have 27/48 hp.
An acid dragon comes into view.
You feel sick.
The acid dragon roars!
You see here a +0 whip.
A jelly comes into view.
You feel sick.
The jelly quivers.
The acid dragon spits acid at you. The splash of acid hits you!
* * * LOW HITPOINT WARNING * * *
The acid corrodes you!
A meliai comes into view. It is wielding a +0 hand axe.
The jelly moves out of view.
You hear a shout! 😨 HP[-6] MP[-3]
You take 6 damage, and now have 21/48 hp.
You lost 3 mp, and now have 8/11 mp.
Unknown command.
Press: ? - help, v - describe, . - travel, g - get item
Items here: a +4 spear; a +0 robe.
The floor, spattered with blood.
You feel sick.
You are no longer poisoned.
You see here a +0 whip. 😨 HP[+1] MP[+1]
The meliai mumbles some strange prayers to its god against you.
Something smites you!
* * * LOW HITPOINT WARNING * * *
You hear a shout! 😨 HP[-6] MP[-3]
You take 6 damage, and now have 16/48 hp.
You lost 3 mp, and now have 6/11 mp.
Press: ? - help, Shift-Dir - straight line, f - meliai
Aim: a meliai, wielding a +0 hand axe and wearing a +0 robe (chance to affect: 80%)
Okay, then.
As you read the scroll of teleportation {@r4}, it crumbles to dust.
You feel strangely unstable. 😨 HP[+1] MP[+1]
You hit the meliai. You block the meliai's attack.
The meliai stings you but does no damage.
The meliai mumbles some strange prayers to its god against you.
Something smites you!
* * * LOW HITPOINT WARNING * * *
The meliai hits you with a +0 hand axe.
* * * LOW HITPOINT WARNING * * *
The meliai barely misses you. 😱 HP[-12] MP[-4]
You take 12 damage, and now have 5/48 hp.
MASSIVE DAMAGE!! (PAUSE)
You lost 4 mp, and now have 3/11 mp.
You hit the meliai. You bite the meliai. You drain its power.
You feel invigorated. The meliai hits you but does no damage.
The meliai closely misses you. The meliai hits you with a +0 hand axe!
* * * LOW HITPOINT WARNING * * *
The meliai stings you.
You die...

Skill      XL: |  1  2  3  4  5  6  7  8 |
---------------+-------------------------+-----
Invocations    | 2 |  2.5
Polearms       | 2 3 4 5 |  5.9
Fighting       | 3 4 5 6 |  6.2
Armour         | 2 3 4 5 |  5.3
Shields        | 1 3 |  3.4
Dodging        | |  0.7

Action                   |  1- 3 |  4- 6 |  7- 9 || total
-------------------------+-------+-------+-------++-------
Melee: Spear             |   120 |    88 |    57 ||   265
       Bite              |    24 |    27 |    59 ||   110
       Punch             |     1 |     1 |       ||     2
       Trident           |       |       |   170 ||   170
Throw: Javelin           |       |       |     3 ||     3
Evoke: Wand              |       |       |     4 ||     4
  Use: Scroll            |       |     3 |     4 ||     7
       Potion            |       |     2 |       ||     2
 Stab: Sleeping          |     3 |       |       ||     3
Armor: Leather armour    |    21 |    11 |       ||    32
       Chain mail        |       |     2 |    97 ||    99
Dodge: Dodged            |    31 |    32 |    78 ||   141
Block: Kite shield       |       |       |    81 ||    81

Levels and vault maps discovered:
D:1:      moated_graveyard_arrival, layout_loops_corners, minivault_24,
          chequers_serial_rivers_room_a
D:2:      layout_rooms
D:3:      layout_basic, chequers_garden, amcnicky_mini_corridor_feature,
          hex_tiny, uniq_grinder, uniq_crazy_yiuf_cottage
D:4:      layout_loops_ring, tso_oasis_becter, nicolae_grassy_gnolls,
          uniq_duvessa
D:5:      layout_loops_ring, zin_angel, serial_shops, nicolae_shop_trees
D:6:      layout_basic, amcnicky_altar_gilded,
          nemelex_xobeh_ov_fountains_minmay, lemuel_round_altar,
          brannock_xom_greatest_gift, ebering_ghost_reflecting_pool,
          chequers_serial_rivers_small_3
D:7:      nzn_winding_woodlands_large [nzn_winding_woodlands_5x5_perimeter,
          nzn_winding_woodlands_5x15_sidewinder,
          nzn_winding_woodlands_hourglass,
          nzn_winding_woodlands_center_diamonds,
          nzn_winding_woodlands_15x15_eel_pit,
          nzn_winding_woodlands_center_triple_pond,
          nzn_winding_woodlands_5x5_closed_star, nzn_winding_woodlands_5x15_eye,
          nzn_winding_woodlands_5x5_open_star], layout_basic

Notes
Turn   | Place    | Note
-------+----------+-------------------------------------------
     0 | Abyss:1  | spiderkeys the Vine Stalker Abyssal Knight began the quest
                  | for the Orb.
     0 | Abyss:1  | Reached XP level 1. HP: 11/11 MP: 3/3
     0 | Abyss:1  | magus.rc [v1.9.10]
     9 | D:1      | You pass through the gate.
     9 | D:1      | Escaped the Abyss
    16 | D:1      | magus.rc [v1.11.3]
   279 | D:1      | Reached skill level 2 in Invocations
   354 | D:1      | Reached XP level 2. HP: 15/16 MP: 4/4
   355 | D:1      | Reached skill level 2 in Polearms
   720 | D:1      | Reached skill level 3 in Fighting
   760 | D:1      | Reached XP level 3. HP: 20/20 MP: 5/5
   876 | D:1      | Reached skill level 2 in Armour
   904 | D:1      | Reached ** piety under Lugonu
  1817 | D:2      | Gained mutation: Your natural rate of healing is unusually
                  | fast. [Vine Stalker growth]
  1817 | D:2      | Reached XP level 4. HP: 18/24 MP: 6/6
  1955 | D:2      | You pick up a book of Conjurations and begin reading...
  1955 | D:2      | You add the spells Magic Dart, Searing Ray and Fulminant
                  | Prism to your library.
  2088 | D:3      | You add the spells Sting, Poisonous Vapours and Olgreb's
                  | Toxic Radiance to your library.
  2133 | D:3      | Noticed Grinder
  2153 | D:3      | Killed Grinder
  2154 | D:3      | Reached skill level 4 in Fighting
  2154 | D:3      | Reached skill level 3 in Polearms
  2154 | D:3      | Reached skill level 3 in Armour
  2154 | D:3      | Reached XP level 5. HP: 11/29 MP: 3/7
  2154 | D:3      | Reached XP level 6. HP: 13/33 MP: 3/8
  2323 | D:3      | Found a runed translucent door.
  2324 | D:3      | Noticed Crazy Yiuf
  2477 | D:3      | You pick up a book of Fire and begin reading...
  2477 | D:3      | You add the spells Fireball, Starburst and Ignition to your
                  | library.
  2730 | D:3      | HP: 3/33 [Crazy Yiuf/+4 quarterstaff of chaos (7)]
  2735 | D:3      | HP: 4/33 [Crazy Yiuf/+4 quarterstaff of chaos (4)]
  2740 | D:3      | HP: 2/33 [Crazy Yiuf/+4 quarterstaff of chaos (2)]
  2743 | D:3      | Killed Crazy Yiuf
  3037 | D:4      | Found a glowing golden altar of the Shining One.
  3087 | D:4      | Reached XP level 7. HP: 38/38 MP: 9/9
  3100 | D:4      | Noticed Duvessa
  3100 | D:4      | Noticed Dowan
  3122 | D:4      | Killed Duvessa
  3123 | D:4      | Reached skill level 4 in Polearms
  3133 | D:4      | HP: 8/38 [Dowan/shard of ice (11)]
  3135 | D:4      | HP: 1/38 [Dowan/shard of ice (9)]
  3226 | D:4      | Killed Dowan
  3374 | D:4      | HP: 8/38 [gnoll sergeant/+0 spear (5)]
  3377 | D:4      | Reached *** piety under Lugonu
  3378 | D:4      | Reached skill level 4 in Armour
  3501 | D:4      | Reached skill level 5 in Fighting
  3512 | D:4      | You pick up a book of Debilitation and begin reading...
  3512 | D:4      | You add the spells Slow, Vampiric Draining and Confusing
                  | Touch to your library.
  3659 | D:5      | Entered Level 5 of the Dungeon
  3685 | D:5      | HP: 8/39 [killer bee (5)]
  3690 | D:5      | HP: 7/39 [killer bee (2)]
  3697 | D:5      | HP: 8/39 [killer bee (4)]
  3702 | D:5      | HP: 7/39 [killer bee (2)]
  3709 | D:4      | HP: 8/39 [killer bee (6)]
  3714 | D:4      | HP: 4/39 [poisoned by a killer bee]
  3880 | D:5      | Reached skill level 1 in Shields
  3880 | D:5      | Gained mutation: You have razor-sharp teeth. [Vine Stalker
                  | growth]
  3880 | D:5      | Reached XP level 8. HP: 30/43 MP: 7/10
  3996 | D:5      | Found a glowing silver altar of Zin.
  3996 | D:5      | Noticed an angel
  4151 | D:5      | Found Jiavoiva's Magic Scroll Boutique.
  4162 | D:5      | Bought a scroll of enchant armour for 97 gold pieces
  4162 | D:5      | Bought a scroll of fear for 45 gold pieces
  4162 | D:5      | Bought a scroll of identify for 26 gold pieces
  4162 | D:5      | Bought a scroll of fog for 26 gold pieces
  4608 | D:6      | Noticed a troll
  4616 | D:6      | Killed a troll
  4617 | D:6      | Reached skill level 5 in Polearms
  4617 | D:6      | Reached skill level 2 in Shields
  4635 | D:6      | Found a sacrificial altar of Ru.
  4858 | D:6      | Found a sparkling altar of Nemelex Xobeh.
  4884 | D:6      | Reached skill level 5 in Armour
  4909 | D:6      | Reached skill level 3 in Shields
  4952 | D:6      | Found a shimmering altar of Xom.
  5026 | D:6      | Found a shimmering blue altar of Sif Muna.
  5068 | D:6      | You pick up a book of Beasts and begin reading...
  5068 | D:6      | You add the spells Summon Ice Beast, Summon Mana Viper and
                  | Monstrous Menagerie to your library.
  5123 | D:6      | Found a runed translucent door.
  5124 | D:6      | Noticed timneilson's ghost (novice GrFi)
  5436 | D:7      | Reached skill level 6 in Fighting
  5436 | D:7      | Reached XP level 9. HP: 45/48 MP: 11/11
  5492 | D:7      | Noticed a meliai
  5497 | D:7      | HP: 7/48 [meliai/divine providence (11)]
  5498 | D:7      | HP: 1/48 [meliai/+0 hand axe (5)]
  5498 | D:7      | Slain by a meliai

Vanquished Creatures
  A troll (D:6)
  Grinder (D:3)
  Duvessa (D:4)
  A water moccasin (D:7)
  An orc warrior (D:6)
  An ice beast (D:6)
  An ogre (D:4)
  A phantom (D:6)
  A gnoll sergeant (D:4)
  A necrophage (D:7)
  A bullfrog (D:6)
  A wight (D:7)
  Dowan (D:4)
  4 killer bees
  A howler monkey (D:7)
  2 hounds
  Crazy Yiuf (D:3)
  2 iguanas
  An orc wizard (D:3)
  7 gnolls
  4 adders
  An ufetubus (D:7)
  3 worms
  2 dart slugs
  15 orcs
  9 ball pythons
  6 endoplasms
  3 giant cockroaches
  8 goblins
  9 hobgoblins
  8 kobolds
  3 quokkas
  5 bats
  3 frilled lizards
  3 rats
113 creatures vanquished.

Vanquished Creatures (others)
  An orc wizard (D:4)
  22 plants
23 creatures vanquished.

Grand Total: 136 creatures vanquished

Table legend:
 A = Non-vault XP
 B = Vault XP
 C = Vault XP percentage of total XP
 D = Non-vault monster count
 E = Vault monster count
 F = Vault count percentage of total count
                 A         B        C        D         E       F
            +---------+---------+-------+---------+---------+-------
      Total |    1711 |     983 |  36.5 |     101 |      13 |  11.4
            +---------+---------+-------+---------+---------+-------
        D:1 |      46 |       0 |   0.0 |      29 |       0 |   0.0
        D:2 |      37 |       0 |   0.0 |      16 |       0 |   0.0
        D:3 |      78 |     318 |  80.3 |      17 |       2 |  10.5
        D:4 |     265 |     346 |  56.6 |      10 |       6 |  37.5
        D:5 |     301 |       0 |   0.0 |      12 |       0 |   0.0
        D:6 |     888 |       0 |   0.0 |      15 |       0 |   0.0
        D:7 |      96 |     319 |  76.9 |       2 |       5 |  71.4
            +---------+---------+-------+---------+---------+-------

Illustrated notes

Table legend:
 A = Kills in this place as a percentage of kills in entire the game.
 B = Kills by you in this place as a percentage of kills by you in the entire game.
 C = Kills by friends in this place as a percentage of kills by friends in the entire game.
 D = Other kills in this place as a percentage of other kills in the entire game.
 E = Experience gained in this place as a percentage of experience gained in the entire game.
 F = Experience gained in this place divided by the number of levels of this place that you have seen.
                   A       B       C       D       E      F
               +-------+-------+-------+-------+-------+----------------------
         Total | 100.0 | 100.0 |   N/A | 100.0 | 100.0 | 336.8
       Dungeon | 100.0 | 100.0 |   N/A | 100.0 | 100.0 | 384.9
               +-------+-------+-------+-------+-------+----------------------

Table legend: (Time is in decaauts)
 A = Elapsed time spent in this place.
 B = Non-inter-level travel time spent in this place.
 C = Inter-level travel time spent in this place.
 D = Time resting spent in this place.
 E = Time spent auto-exploring this place.
 F = Levels seen in this place.
 G = Mean time per level.
                   A        B        C        D        E       F      G
               +--------+--------+--------+--------+--------+-----+--------+
         Total |   5505 |   5319 |    186 |    130 |   4237 |   8 |  688.1 |
       Dungeon |   5496 |   5310 |    186 |    130 |   4232 |   7 |  785.1 |
         Abyss |      9 |      9 |      0 |      0 |      5 |   1 |    9.0 |
               +--------+--------+--------+--------+--------+-----+--------+

Top non-repeatable levels by time:
     D:1: 1319 daAuts
     D:6: 955 daAuts
     D:3: 894 daAuts
     D:4: 850 daAuts
     D:5: 736 daAuts
     D:2: 654 daAuts
     D:7: 86 daAuts
 Abyss:1: 9 daAuts
